 Dungeon Crawl Stone Soup version 0.21.0-3-g78d12a8 (webtiles) character file.

10175 theanonym the Cleaver (level 11, -2/102 HPs)
             Began as a Ghoul Gladiator on Jan 13, 2018.
             Was a Believer of Qazlal.
             Slain by a vampire (4 damage)
             ... on level 10 of the Dungeon.
             The game lasted 00:26:26 (10407 turns).

theanonym the Cleaver (Ghoul Gladiator)            Turns: 10407, Time: 00:26:27

Health: -2/102     AC: 12    Str: 22    XL:     11   Next: 58%
Magic:  6/13       EV:  9    Int:  3    God:    Qazlal [**....]
Gold:   652        SH:  5    Dex: 10    Spells: 10/10 levels left

rFire    . . .     SeeInvis .   a - +1 war axe
rCold    + . .     Gourm    .   k - +0 buckler
rNeg     + + +     Faith    +   o - +0 plate armour {18}
rPois    ∞         Spirit   .   c - +1 helmet
rElec    .         Reflect  .   (no cloak)
rCorr    .         Harm     .   (no gloves)
MR       .....                  (no boots)
Stlth    ..........             A - amulet of faith {Faith}
HPRegen  0.00/turn              h - +3 ring of evasion
MPRegen  0.13/turn              (no ring)

@: rotting
A: rotting body, claws 1, carnivore, cold resistance 1, negative energy
resistance 3, inhibited regeneration, torment resistance, unbreathing
a: Upheaval, Renounce Religion


Innate Abilities, Weirdness & Mutations

Your body is rotting away.
You thrive on raw meat.
You are immune to poison.
You have sharp fingernails.
You are carnivorous and can eat meat at any time.
Your flesh is cold resistant. (rC+)
You are immune to negative energy. (rN+++)
You do not regenerate when monsters are visible.
You are immune to unholy pain and torment.
You can survive without breathing.


   Skills:
 + Level 11.1 Fighting
 * Level 13.0 Axes
 - Level 1.7 Throwing
 - Level 2.6 Dodging
 + Level 4.1 Invocations


You had 10 spell levels left.
You didn't know any spells.

Skill      XL: |  1  2  3  4  5  6  7  8  9 10 11 |
---------------+----------------------------------+-----
Axes           | 3 4 5 7 8 10 12 13 | 13.0
Fighting       | 4 5 7 9 10 11 | 11.1
Invocations    | 1 4 |  4.1
Throwing       | |  1.7
Dodging        | |  2.6

Action                   |  1- 3 |  4- 6 |  7- 9 | 10-12 || total
-------------------------+-------+-------+-------+-------++-------
Melee: War axe           |    95 |   130 |     4 |   416 ||   645
       Long sword        |       |    52 |   280 |       ||   332
Throw: Throwing net      |     3 |     1 |       |       ||     4
Invok: Upheaval          |       |       |       |     9 ||     9
Evoke: Wand              |       |       |     5 |    10 ||    15
       Phial of floods   |       |       |       |     1 ||     1
  Use: Potion            |       |     4 |     3 |     2 ||     9
       Scroll            |       |       |    22 |     1 ||    23
 Stab: Sleeping          |     1 |       |       |       ||     1
       Held in net/web   |     1 |       |       |       ||     1
       Distracted        |       |       |       |     1 ||     1
       Invisible         |       |       |       |     1 ||     1
       Paralysed         |       |       |       |     5 ||     5
  Eat: Chunk             |     7 |    29 |    25 |    42 ||   103
Armor: Leather armour    |    20 |       |       |       ||    20
       Scale mail        |       |    80 |    23 |       ||   103
       Chain mail        |       |       |   155 |    14 ||   169
       Plate armour      |       |       |       |   179 ||   179
Dodge: Dodged            |    83 |   160 |   191 |   140 ||   574
Block: Buckler           |       |    20 |    76 |    95 ||   191
       Rpst.: Long sword |       |    15 |    67 |       ||    82

Inventory:

Hand Weapons
 a - a +1 war axe (weapon)
 b - a +0 battleaxe
   (You took it off an orc warrior on level 8 of the Dungeon)
 j - the +4 long sword of Ocwan {flame, rF+ rC+ Int+4}
   (You found it on level 4 of the Dungeon)

   It has been specially enchanted to burn those struck by it, causing extra
   injury to most foes and up to half again as much damage against particularly
   susceptible opponents.
   Big, fiery blades are also staple armaments of hydra-hunters.
   It affects your intelligence (+4).
   It protects you from fire.
   It protects you from cold.
Missiles
 p - 2 javelins (quivered)
Armour
 c - a +1 helmet (worn)
 k - a +0 buckler (worn)
   (You found it on level 3 of the Dungeon)
 n - a +0 leather armour {4}
 o - a +0 plate armour (worn) {18}
   (You took it off an orc warrior on level 8 of the Dungeon)
 v - a +0 scale mail {10}
   (You found it on level 2 of the Dungeon)
 C - a +1 chain mail of cold resistance {rC+}
   (You took it off Terence on level 3 of the Dungeon)
Jewellery
 h - a +3 ring of evasion (left claw)
   (You found it on level 1 of the Dungeon)
 s - an uncursed amulet of guardian spirit {Spirit}
   (You found it on level 4 of the Dungeon)
 A - an amulet of faith (around neck) {Faith}
   (You took it off a gnoll sergeant on level 8 of the Dungeon)
Wands
 x - a wand of random effects (26)
   (You found it on level 7 of the Dungeon)
Scrolls
 d - 3 scrolls of immolation
 f - 2 scrolls of fog
 g - 4 scrolls of remove curse
 r - 4 scrolls of identify
 t - a scroll of teleportation {!r}
 u - 3 scrolls of amnesia
 y - 2 scrolls of magic mapping
 z - a scroll of noise
Potions
 i - a potion of lignification
 m - a potion of brilliance
 w - 3 potions of curing
 B - 2 potions of mutation
Miscellaneous
 l - a phial of floods (inert)
   (You found it on level 9 of the Dungeon)
Comestibles
 e - 16 rations
 q - 11 chunks of flesh


You were on level 10 of the Dungeon.
You worshipped Qazlal.
Qazlal was pleased with you.
You were not hungry.

You visited 2 branches of the dungeon, and saw 11 of its levels.

You collected 652 gold pieces.

Dungeon Overview and Level Annotations

Branches:
Dungeon (10/15)            Temple (1/1) D:7
   Lair: D:8-11         Orc: D:9-12

Altars:
Cheibriados
Elyvilon
Gozag
Hepliaklqana
Makhleb
Nemelex Xobeh
Qazlal
Trog
Vehumet
Wu Jian
Xom
The Shining One

... #.#...# .# ... #.....
##.##.#...# .. ... #.....
..........#####. #.....
..............# #.....
..............# #...##
####...)..)...# #...##
.......))((...# ###### ..
....#########V# #.... ....
##..###.@.# #.... ...
##....#.§..# #....
###.###.....#.).)############...
##........#.......#........#
#...
#.........#..#....#.######.#
####
#...###..##..#....#.#....#.# #
#....##.#...##...#.#<.#.#.# #
#...........###.#.####.#.# #
##...#.##....##.#......#.#


You could see a vampire.

Notes
Turn   | Place    | Note
-------+----------+-------------------------------------------
     0 | D:1      | theanonym the Ghoul Gladiator began the quest for the Orb.
     0 | D:1      | Reached XP level 1. HP: 17/17 MP: 0/0
   186 | D:1      | Reached skill level 3 in Axes
   209 | D:1      | Reached XP level 2. HP: 23/24 MP: 1/1
   566 | D:1      | Reached XP level 3. HP: 30/30 MP: 2/2
   740 | D:1      | You fall through a shaft!
   745 | D:2      | Found a bloodstained altar of Trog.
   834 | D:2      | Found a snail-covered altar of Cheibriados.
  1157 | D:2      | Reached skill level 3 in Fighting
  1337 | D:2      | Noticed Sigmund
  1350 | D:2      | Killed Sigmund
  1350 | D:2      | Reached skill level 4 in Fighting
  1350 | D:2      | Reached skill level 4 in Axes
  1350 | D:2      | Reached XP level 4. HP: 27/40 MP: 3/3
  1350 | D:2      | Reached XP level 5. HP: 31/46 MP: 4/4
  1746 | D:3      | Reached skill level 5 in Axes
  1852 | D:3      | Noticed Suckerboh's ghost (amateur HaAs)
  1854 | D:3      | Noticed Terence
  1887 | D:2      | Reached XP level 6. HP: 43/52 MP: 5/5
  2021 | D:3      | Found a white marble altar of Elyvilon.
  2181 | D:3      | Noticed Natasha
  2189 | D:3      | HP: 21/52 [Natasha (7)]
  2195 | D:3      | HP: 15/52 [Natasha/magic dart (6)]
  2221 | D:3      | HP: 24/52 [Natasha/magic dart (10)]
  2230 | D:3      | HP: 23/52 [Natasha (5)]
  2234 | D:3      | HP: 3/52 [Natasha/magic dart (10)]
  2238 | D:3      | Killed Natasha
  2478 | D:3      | Noticed Natasha
  2488 | D:3      | Killed Natasha
  2520 | D:3      | Noticed a sky beast
  2532 | D:4      | HP: 24/52 [orc (3)]
  2537 | D:4      | HP: 20/52 [orc (1)]
  2542 | D:4      | HP: 19/52 [orc (1)]
  2572 | D:4      | Got a crude long sword
  2573 | D:4      | Identified the +4 long sword of Ocwan {flame, rF+ rC+ Int+4} (You found it on level 4 of the Dungeon)
  3387 | D:3      | Noticed Natasha
  3398 | D:3      | Killed Natasha
  3398 | D:3      | Reached XP level 7. HP: 52/60 MP: 6/6
  3492 | D:3      | Found a glowing golden altar of the Shining One.
  3561 | D:3      | Killed Suckerboh's ghost
  3561 | D:3      | Reached skill level 5 in Fighting
  3561 | D:3      | Reached skill level 6 in Axes
  3567 | D:3      | Killed Terence
  3614 | D:5      | Entered Level 5 of the Dungeon
  3713 | D:5      | Reached skill level 7 in Axes
  3714 | D:5      | HP: 28/62 [centaur/arrow (7)]
  3811 | D:5      | Reached XP level 8. HP: 69/70 MP: 7/7
  3874 | D:5      | Found a sparkling altar of Nemelex Xobeh.
  3877 | D:5      | Found an opulent altar of Gozag.
  3877 | D:5      | Found a stormy altar of Qazlal.
  3880 | D:5      | Found a radiant altar of Vehumet.
  3884 | D:5      | Became a worshipper of Qazlal Stormbringer
  3953 | D:5      | Found a shimmering altar of Xom.
  4209 | D:5      | Reached skill level 6 in Fighting
  4213 | D:5      | HP: 30/68 [orc priest/divine providence (9)]
  4221 | D:5      | HP: 26/68 [orc wizard/dagger (2)]
  4516 | D:6      | Reached skill level 8 in Axes
  4759 | D:6      | Reached skill level 7 in Fighting
  5169 | D:7      | Found a hazy altar of Hepliaklqana.
  5170 | D:7      | Found a burning altar of Makhleb.
  5186 | D:7      | Found a staircase to the Ecumenical Temple.
  5192 | Temple   | Entered the Ecumenical Temple
  5238 | D:7      | Noticed Dowan
  5257 | D:7      | Killed Dowan
  5257 | D:7      | Reached XP level 9. HP: 78/79 MP: 8/8
  5511 | D:7      | Noticed Prince Ribbit
  5517 | D:7      | Killed Prince Ribbit
  5517 | D:7      | Reached skill level 9 in Axes
  5647 | D:7      | HP: 37/81 [hog (6)]
  5649 | D:7      | Reached skill level 8 in Fighting
  5653 | D:7      | HP: 25/81 [human/hand axe (4)]
  5689 | D:7      | HP: 29/81 [human/hand axe (4)]
  5700 | D:7      | HP: 39/81 [human/hand axe (3)]
  5741 | D:7      | HP: 27/81 [yak (6)]
  5756 | D:7      | HP: 24/81 [yak (3)]
  5784 | D:7      | HP: 19/81 [yak (5)]
  6283 | D:8      | Noticed a two-headed ogre
  6317 | D:8      | Reached * piety under Qazlal
  6354 | D:8      | Noticed a hornet
  6358 | D:8      | Reached skill level 10 in Axes
  6358 | D:8      | HP: 39/82 [hornet (6)]
  6363 | D:8      | HP: 20/82 [hornet (1)]
  6370 | D:8      | Killed a hornet
  6442 | D:8      | HP: 33/82 [orc priest/divine providence (14)]
  6451 | D:8      | HP: 30/82 [orc/club (2)]
  6456 | D:8      | HP: 22/82 [ice beast (3)]
  6480 | D:8      | Found an ornate altar of the Wu Jian Council.
  6525 | D:8      | Noticed a two-headed ogre
  6971 | D:8      | HP: 38/82 [warg (7)]
  6975 | D:8      | HP: 18/82 [warg (7)]
  6976 | D:8      | HP: 5/82 [warg (6)]
  7389 | D:8      | Reached skill level 9 in Fighting
  7389 | D:8      | Reached XP level 10. HP: 91/91 MP: 9/9
  7432 | D:8      | HP: 38/91 [orc warrior/battleaxe (23)]
  7563 | D:8      | Reached skill level 11 in Axes
  7569 | D:8      | Noticed an orc warlord
  7590 | D:8      | Noticed an orc knight
  7590 | D:8      | HP: 42/91 [warg (8)]
  7621 | D:8      | HP: 36/91 [orc/short sword (1)]
  7643 | D:8      | HP: 33/91 [orc/short sword (3)]
  7732 | D:9      | Noticed pstr's ghost (novice SpEE)
  7775 | D:9      | Killed pstr's ghost
  7785 | D:9      | HP: 45/91 [warg (6)]
  7967 | D:9      | Reached ** piety under Qazlal
  8206 | D:9      | Reached skill level 10 in Fighting
  8216 | D:9      | HP: 41/93 [yak (8)]
  8221 | D:9      | HP: 32/93 [yak (9)]
  8262 | D:9      | Reached skill level 12 in Axes
  8624 | D:9      | HP: 36/93 [orc warrior/halberd (12)]
  8629 | D:9      | HP: 17/93 [shot self (6)]
  8783 | D:10     | Entered Level 10 of the Dungeon
  8830 | D:10     | Noticed a two-headed ogre
  8876 | D:9      | HP: 46/93 [two-headed ogre/giant club (25)]
  8881 | D:9      | Killed a two-headed ogre
  8881 | D:9      | Reached skill level 1 in Invocations
  8881 | D:9      | Reached XP level 11. HP: 43/100 MP: 9/11
  9105 | D:10     | Reached skill level 2 in Invocations
  9205 | D:10     | HP: 41/101 [two-headed ogre/giant club (10)]
  9214 | D:10     | HP: 33/101 [two-headed ogre/giant club (8)]
  9580 | D:10     | Noticed Grum
  9589 | D:10     | Killed Grum
  9673 | D:10     | Noticed a two-headed ogre
  9679 | D:10     | HP: 40/101 [two-headed ogre/giant club (16)]
  9681 | D:10     | Killed a two-headed ogre
  9681 | D:10     | Reached skill level 3 in Invocations
  9732 | D:10     | HP: 40/101 [shadow imp (1)]
 10040 | D:10     | Noticed a white ugly thing
 10040 | D:10     | Noticed a five-headed hydra
 10066 | D:9      | Killed a white ugly thing
 10304 | D:10     | Reached skill level 11 in Fighting
 10373 | D:10     | HP: 39/102 [two-headed ogre/dire flail of protection (13)]
 10382 | D:10     | HP: 11/102 [two-headed ogre/dire flail of protection (19)]
 10388 | D:10     | Killed a two-headed ogre
 10388 | D:10     | Reached skill level 13 in Axes
 10388 | D:10     | Reached skill level 4 in Invocations
 10406 | D:10     | HP: 12/102 [vampire (3)]
 10407 | D:10     | HP: 2/102 [vampire (10)]
 10407 | D:10     | Slain by a vampire

Vanquished Creatures
  3 two-headed ogres
  An ugly thing (D:9)
  The ghost of pstr the Magician, a novice SpEE of Gozag (D:9)
  A hornet (D:8)
  Prince Ribbit (D:7)
  2 hippogriffs
  4 yaks (D:9)
  A human (D:7)
  Sigmund (D:2)
  A hungry ghost (D:9)
  A steam dragon (D:10)
  Grum (D:10)
  3 hogs (D:7)
  The ghost of Suckerboh the Sneak, an amateur HaAs (D:3)
  A water moccasin (D:10)
  10 wargs
  3 orc warriors
  A hornet zombie (D:9)
  3 ice beasts
  3 sky beasts
  2 phantoms
  A necrophage (D:10)
  3 wolves (D:10)
  3 ogres
  3 centaurs
  3 bullfrogs
  A gnoll sergeant (D:8)
  Dowan (D:7)
  A scorpion (D:9)
  2 jellies (D:10)
  4 howler monkeys
  A crimson imp (D:10)
  A bullfrog zombie (D:6)
  2 bullfrog skeletons
  4 hounds
  6 orc priests
  6 orc wizards
  Natasha (thrice) (D:3)
  Terence (D:3)
  3 iguanas (D:9)
  4 worker ants
  A killer bee zombie (D:5)
  A hound zombie (D:8)
  A worker ant zombie (D:9)
  11 adders
  4 gnolls
  4 shadow imps
  2 adder zombies (D:9)
  An adder skeleton (D:6)
  6 worms
  4 dart slugs
  6 leopard geckos
  41 orcs
  7 giant cockroaches
  4 goblins
  4 hobgoblins
  5 jackals
  A quokka (D:10)
  2 ball pythons
  7 bats
  3 frilled lizards
  6 kobolds
  5 rats
224 creatures vanquished.

Vanquished Creatures (collateral kills)
  A yak (D:9)
1 creature vanquished.

Grand Total: 225 creatures vanquished

Table legend:
 A = Turns spent in this place as a percentage of turns spent in the entire game.
 B = Non-inter-level travel turns spent in this place as a percentage of non-inter-level travel turns spent in the entire game.
 C = Inter-level travel turns spent in this place as a percentage of turns spent in this place.
 D = Turns resting spent in this place as a percentage of non-inter-level travel turns spent in this place.
 E = Turns spent auto-exploring this place as a percentage of non-inter-level travel turns spent in this place.
 F = Non-inter-level travel turns spent in this place divided by the number of levels of this place that you've seen.
                   A       B       C       D       E      F
               +-------+-------+-------+-------+-------+----------------------
         Total | 100.0 | 100.0 |   3.2 |  22.8 |  52.8 | 915.8
       Dungeon | 100.0 | 100.0 |   3.2 |  22.8 |  52.8 | 1007.2
        Temple |   0.0 |   0.0 |   0.0 |   0.0 |   0.0 |   2.0
               +-------+-------+-------+-------+-------+----------------------
